 Dungeon Crawl Stone Soup version 0.30.1-11-g7821555f0a (webtiles) character file.

Game seed: 1708357183609433717

44 Gumption the Sneak (level 3, -4/16 HPs)
             Began as a Spriggan Enchanter on Nov 13, 2023.
             Slain by Menkaure (17 damage)
             ... on level 4 of the Dungeon.
             The game lasted 00:14:15 (2024 turns).

Gumption the Sneak (Spriggan Enchanter)             Turns: 2024, Time: 00:14:15

Health: -4/16      AC:  3    Str:  4    XL:     3   Next: 39%
Magic:  8/8        EV: 17    Int: 18    God:
Gold:   204        SH:  0    Dex: 15    Spells: 0/8 levels left

rFire   . . .        a - +1 dagger
rCold   . . .        (no shield)
rNeg    . . .        b - +0 robe
rPois   .            (helmet restricted)
rElec   .            d - +0 cloak
rCorr   .            (gloves unavailable)
SInv    +            (boots unavailable)
Will    .....        (no amulet)
Stlth   +++          (no ring)
HPRegen 0.22/turn    (no ring)
MPRegen 0.11/turn

%: no passive effects
@: very quick
A: very small, no large weapons, unfitting armour, see invisible, speed 3
a: no special abilities


You were on level 4 of the Dungeon.
You visited 1 branch of the dungeon, and saw 4 of its levels.

You collected 204 gold pieces.

Inventory:

Hand Weapons
 a - a +1 dagger (weapon)
Missiles
 f - 6 boomerangs of dispersal (quivered)
Armour
 b - a +0 robe (worn)
 d - a +0 cloak (worn)
Jewellery
 s - an amulet of faith
Wands
 k - a wand of roots (8)
 q - a wand of paralysis (9)
Scrolls
 e - a scroll of fear {unknown}
 g - a scroll of blinking
 i - a scroll of fog {unknown}
 j - a scroll of noise {unknown}
 l - a scroll of enchant armour {unknown}
 m - a scroll of teleportation
 r - a scroll of enchant weapon {unknown}
 t - a scroll of identify {unknown}
 v - a scroll of butterflies {unknown}
Potions
 c - 2 potions of invisibility
 h - a potion of attraction {unknown}
 n - a potion of might {unknown}
 o - a potion of brilliance {unknown}
 p - a potion of curing {unknown}
 u - 2 potions of degeneration {unknown}


   Skills:
 - Level 1.1 Short Blades
 - Level 2.6 Dodging
 + Level 5.0 Stealth
 + Level 3.2 Spellcasting
 + Level 4.2 Hexes
 * Level 1.1 Ice Magic


You couldn't memorise any spells.
You knew the following spells:

 Your Spells              Type           Power      Damage    Failure   Level
a - Ensorcelled Hibernat  Hex/Ice        24%        N/A       8%          2
b - Confusing Touch       Hex            18%        N/A       9%          3
c - Dazzling Flash        Conj/Hex       20%        N/A       21%         3

Your spell library contained the following spells:

 Spells                   Type           Power      Damage    Failure   Level
 Tukima's Dance           Hex            18%        N/A       9%          3


Dungeon Overview and Level Annotations

Branches:
Dungeon (4/15)             Temple (0/1) D:4

Altars:
Gozag

Shops:
D:4 =

Annotations:
D:2 1 runed translucent door, Crazy Yiuf
D:4 Menkaure


Innate Abilities, Weirdness & Mutations

You are very small and have problems with some larger weapons.
You are too small for most types of armour.
You have supernaturally acute eyesight. (SInv)
You cover ground extremely quickly. (Speed+++)


Message History

You climb downwards.
There is a stone staircase leading up here.
An orc priest comes into view. It is wielding a +0 war axe.
The orc wizard shouts!
You hear a shout! x2
There is a stone staircase leading up here.
The orc wizard gestures at you while chanting.
You resist with some effort.
You hear a shout!
You climb upwards.
There is a stone staircase leading down here.
There is a stone staircase leading down here.
You climb downwards.
Found a scroll labelled ZEENUN IQANO, 18 gold pieces and a clear potion.
There is a stone staircase leading up here.
Found a stone staircase leading down.
Found 16 gold pieces.
Found a scale mail.
v - a scroll labelled ZEENUN IQANO
Found 14 gold pieces.
There is a stone staircase leading down here.
A hobgoblin comes into view.
You see here 16 gold pieces.
A goblin comes into view. It is wielding a +0 club.
The goblin shouts!
A hobgoblin comes into view.
Found a staircase to the Ecumenical Temple.
The hobgoblin shouts! x2
You hit the hobgoblin but do no damage. The hobgoblin misses you.
The goblin closely misses you.
Menkaure, Prince of Dust comes into view.
Found a spear.
The hobgoblin hits you. The goblin misses you.
A worm comes into view.
Menkaure shouts!
Found a jade ring.
Menkaure misses you.
There is a staircase to the Ecumenical Temple here.
The goblin hits the bush but does no damage.
Menkaure hits you!
Ouch! That really hurt!
You die...

#........
.#......................
#?...................=..
.........................
........................#
o..............)........#
.................w......#
/..............P.P......#
...............M@g......#
..#.....#......PgP......#
#......g.......#
...............#
K..............#
...............#
...............#
#...............#
##...###..............#


You could see Menkaure, a worm, 2 hobgoblins, a goblin and a kobold (wandering).

Vanquished Creatures
  A worm (D:3)
  3 ball pythons
  5 bats
  4 endoplasms
  4 giant cockroaches
  5 goblins
  2 hobgoblins (D:2)
  2 jackals (D:1)
  3 quokkas
  3 frilled lizards
  A kobold (D:1)
  3 rats
36 creatures vanquished.

Notes
Turn   | Place    | Note
-------+----------+-------------------------------------------
     0 | D:1      | Gumption the Spriggan Enchanter began the quest for the
                  | Orb.
     0 | D:1      | Reached XP level 1. HP: 9/9 MP: 5/5
   366 | D:1      | Reached XP level 2. HP: 13/13 MP: 6/6
   372 | D:1      | Learned a level 2 spell: Ensorcelled Hibernation
  1077 | D:2      | Reached XP level 3. HP: 16/16 MP: 5/8
  1081 | D:2      | Learned a level 3 spell: Confusing Touch
  1086 | D:2      | Learned a level 3 spell: Dazzling Flash
  1301 | D:2      | Found a runed translucent door.
  1302 | D:2      | Noticed Crazy Yiuf
  1475 | D:3      | Reached skill level 1 in Ice Magic
  1537 | D:3      | Reached skill level 5 in Stealth
  1876 | D:3      | Found an opulent altar of Gozag.
  1969 | D:4      | Found Tipil's One-of-a-Kind Rings.
  2014 | D:4      | Found a staircase to the Ecumenical Temple.
  2017 | D:4      | Noticed Menkaure
  2024 | D:4      | Slain by Menkaure

Illustrated notes

Levels and vault maps discovered:
D:1:      lemuel_arrival_behind_the_door_small, layout_basic
D:2:      layout_rooms, minmay_circled_x, uniq_crazy_yiuf_cottage
D:3:      layout_rooms, grunt_gozag_breadcrumbs
D:4:      corexii_shantytown, layout_basic, minmay_temple_entry_trees,
          chequers_arboretum, nicolae_shop_unique_rings, minmay_strange_pillars,
          uniq_menkaure

Skill      XL: |  1  2  3 |
---------------+----------+-----
Hexes          | 4 |  4.2
Spellcasting   | 3 |  3.2
Ice Magic      | 1 |  1.1
Stealth        | 5 |  5.0
Short Blades   | |  1.1
Dodging        | |  2.6

Action                     || total
---------------------------++-------
  Melee: Dagger            ||   100
         Punch             ||     2
   Cast: Ensorcelled Hiber ||    10
    Use: Scroll            ||     2
   Stab: Sleeping          ||    17
         Distracted        ||     1
 Armour: Robe              ||     9
  Dodge: Dodged            ||    65
